 Dungeon Crawl Stone Soup version 0.28.0-47-ge53b351184 (webtiles) character file.

Game seed: 2711404099192750385

1306 NinjaNoafa the Fighter (level 8, 0/78 HPs)
             Began as a Hill Orc Monk on Apr 26, 2022.
             Was a Priest of Beogh.
             Slain by a vampire mosquito (4 damage)
             ... on level 5 of the Dungeon.
             The game lasted 00:09:10 (5503 turns).

NinjaNoafa the Fighter (Hill Orc Monk)              Turns: 5503, Time: 00:09:10

Health: 0/78       AC: 14    Str: 19 (22) XL:     8   Next: 57%
Magic:  13/13      EV:  9    Int:  9 (10) God:    Beogh [***...]
Gold:   266        SH:  0    Dex: 18 (19) Spells: 7/7 levels left

rFire   . . .      SeeInvis .   h - +1 mace "Ziahuc" {vorpal, *Noise rPois rN+++}
rCold   . . .      Faith    .   (no shield)
rNeg    + + +      Spirit   .   d - +0 chain mail
rPois   +          Reflect  .   e - +1 helmet
rElec   .          Harm     .   (no cloak)
rCorr   .          Rampage  .   i - +0 pair of gloves
Will    .....                   (no boots)
Stlth   ..........              (no amulet)
HPRegen 0.23/turn               l - +6 ring of strength
MPRegen 0.13/turn               k - +6 ring of dexterity

@: about to teleport
A: no striking features
a: Renounce Religion, Smiting


You were on level 5 of the Dungeon.
You worshipped Beogh.
Beogh was most pleased with you.
You visited 1 branch of the dungeon, and saw 5 of its levels.

You collected 341 gold pieces.
You spent 75 gold pieces at shops.

Inventory:

Hand Weapons
 a - a +0 hand axe
 h - the +1 mace "Ziahuc" (weapon) {vorpal, *Noise rPois rN+++}
   (You found it on level 3 of the Dungeon)

   It inflicts extra damage upon your enemies.
   rPois:     It protects you from poison.
   rN:        It renders you almost immune to negative energy.
   *Noise:    It may make noises in combat.
Missiles
 f - 2 throwing nets (quivered)
Armour
 d - a +0 chain mail (worn)
 e - a +1 helmet (worn)
 i - a +0 pair of gloves (worn)
Jewellery
 k - a +6 ring of dexterity (right hand)
 l - a +6 ring of strength (left hand)
Wands
 m - a wand of iceblast (10)
Scrolls
 n - a scroll of blinking {unknown}
Potions
 g - a potion of magic


   Skills:
 + Level 9.3 Fighting
 - Level 7.3(8.1) Axes
 * Level 4.2(5.8) Maces & Flails
 + Level 7.7 Armour
 - Level 2.4 Dodging
 - Level 1.5 Stealth
 - Level 0.4 Spellcasting
 - Level 0.5 Conjurations
 - Level 0.8 Fire Magic
 + Level 6.7 Invocations


You had 7 spell levels left.
You didn't know any spells.
Your spell library contained the following spells:

 Spells                   Type           Power      Damage    Failure   Level
 Conjure Flame            Conj/Fire      1%         6-21      100%        3
 Ignite Poison            Fire/Tmut/Pois 0%         N/A       100%        3
 Sticky Flame             Conj/Fire      1%         2d3       100%        4


Dungeon Overview and Level Annotations

Branches:
Dungeon (5/15)
 Temple: D:4-7

Altars:
Wu Jian

Shops:
D:4 *


Message History

The vampire mosquito is moderately damaged.
The vampire mosquito closely misses you.
The vampire mosquito bites you.
You barely miss the vampire mosquito.
The vampire mosquito is moderately damaged.
The vampire mosquito bites you.
* * * LOW HITPOINT WARNING * * *
The vampire mosquito bites you but does no damage.
You closely miss the vampire mosquito.
The vampire mosquito is moderately damaged.
The vampire mosquito bites you but does no damage.
The vampire mosquito bites you!
* * * LOW HITPOINT WARNING * * *
You completely miss the vampire mosquito.
The vampire mosquito is moderately damaged.
The vampire mosquito closely misses you.
The vampire mosquito barely misses you.
You closely miss the vampire mosquito.
The vampire mosquito is moderately damaged.
The vampire mosquito bites you.
* * * LOW HITPOINT WARNING * * *
The vampire mosquito bites you but does no damage.
You miss the vampire mosquito.
The vampire mosquito is moderately damaged.
The vampire mosquito bites you but does no damage. x3
It was a potion of degeneration.
There was something very wrong with that liquid.
You feel weakened.
You feel dopey.
You feel clumsy.
The vampire mosquito bites you but does no damage.
The vampire mosquito bites you but does no damage.
There is an open door here.
The vampire mosquito bites you but does no damage.
As you read the scroll of identify, it crumbles to dust.
j - a scroll of teleportation The vampire mosquito bites you but does no damage. x2
As you read the scroll of teleportation, it crumbles to dust.
You feel strangely unstable. The vampire mosquito bites you.
* * * LOW HITPOINT WARNING * * *
The vampire mosquito bites you.
You die...

######.........# ...
#..............# ...
#.....####+##### ###
######+##.....#
#.............# #+#####
#.............# .......
#........†...)# .......
#.............# .......
#............@###.......
######.......yy.'.......
####.....###.......
#.....# ....... #######
....... #######


You could see 2 vampire mosquitoes.

Vanquished Creatures
  Sigmund (D:5)
  A vampire mosquito (D:5)
  2 sky beasts (D:5)
  3 ogres
  A gnoll sergeant (D:5)
  A scorpion (D:5)
  A centaur zombie (D:5)
  2 centaur skeletons
  An orc priest (D:4)
  15 gnolls
  10 adders
  An adder skeleton (D:5)
  2 worms
  2 dart slugs
  11 orcs
  A bat (D:3)
  10 endoplasms
  5 giant cockroaches
  4 goblins
  4 hobgoblins
  4 jackals
  10 kobolds
  3 quokkas
  3 ball pythons
  5 frilled lizards
  5 rats
108 creatures vanquished.

Vanquished Creatures (others)
  An orc priest (D:3)
  3 orcs (D:3)
  2 withered plants (D:5)
6 creatures vanquished.

Grand Total: 114 creatures vanquished

Notes
Turn   | Place    | Note
-------+----------+-------------------------------------------
     0 | D:1      | NinjaNoafa the Hill Orc Monk began the quest for the Orb.
     0 | D:1      | Reached XP level 1. HP: 19/19 MP: 1/1
   249 | D:1      | Reached XP level 2. HP: 27/27 MP: 2/2
   340 | D:1      | Reached skill level 1 in Armour
   463 | D:1      | Found a faded altar of an unknown god.
   813 | D:1      | Reached XP level 3. HP: 28/33 MP: 3/3
   990 | D:2      | Reached skill level 8 in Fighting
   990 | D:2      | Reached skill level 5 in Invocations
   990 | D:2      | Reached XP level 4. HP: 21/49 MP: 3/7
  1000 | D:2      | HP: 2/49 [poisoned by an adder]
  1923 | D:2      | Found an ornate altar of the Wu Jian Council.
  2017 | D:2      | Reached XP level 5. HP: 45/56 MP: 9/9
  3024 | D:3      | Reached XP level 6. HP: 59/62 MP: 10/10
  3259 | D:3      | Identified the +1 mace "Ziahuc" {vorpal, *Noise rPois
                  | rN+++}
  3652 | D:3      | Became a worshipper of Beogh the Brigand
  3652 | D:3      | Reached * piety under Beogh
  3652 | D:3      | Reached ** piety under Beogh
  4022 | D:4      | Found Nejet's General Store.
  4027 | D:4      | Bought a scroll of enchant armour for 75 gold pieces
  4077 | D:4      | Reached skill level 1 in Maces & Flails
  4258 | D:4      | Reached XP level 7. HP: 50/69 MP: 11/11
  4683 | D:5      | Entered Level 5 of the Dungeon
  4698 | D:5      | Noticed Sigmund
  4709 | D:5      | Killed Sigmund
  4788 | D:5      | Reached skill level 9 in Fighting
  4800 | D:5      | Reached XP level 8. HP: 40/78 MP: 12/12
  5489 | D:5      | Reached *** piety under Beogh
  5503 | D:5      | Slain by a vampire mosquito

Illustrated notes

Levels and vault maps discovered:
D:1:      wander_arrival_desolate, layout_rooms,
          hellmonk_ecumenical_altar_heavens_door
D:2:      minmay_diamond_boxcup, layout_basic, basic_altar
D:3:      layout_basic
D:4:      layout_rooms, serial_shops, nicolae_shop_hallway_plus
D:5:      layout_basic, serial_undead, serial_undead_f, serial_undead_e,
          serial_undead_d, serial_undead_f, uniq_sigmund

Skill      XL: |  1  2  3  4  5  6  7  8 |
---------------+-------------------------+-----
Armour         | 1 6 7 |  7.7
Fighting       | 8 9 |  9.3
Axes           | 7 |  7.3
Invocations    | 5 6 |  6.7
Maces & Flails | 1 3 4 |  4.2
Dodging        | |  2.4
Stealth        | |  1.5
Spellcasting   | |  0.4
Conjurations   | |  0.5
Fire Magic     | |  0.8

Action                   |  1- 3 |  4- 6 |  7- 9 || total
-------------------------+-------+-------+-------++-------
Melee: Hand axe          |    76 |   148 |       ||   224
       Mace              |       |    64 |   103 ||   167
       Punch             |       |     1 |     2 ||     3
Invok: Convert to Beogh  |       |     1 |       ||     1
Evoke: Wand              |       |       |     1 ||     1
  Use: Potion            |     2 |     1 |     3 ||     6
       Scroll            |       |     8 |     2 ||    10
 Stab: Sleeping          |     4 |     1 |       ||     5
Armor: Robe              |    27 |     3 |       ||    30
       Chain mail        |       |   165 |   136 ||   301
Dodge: Dodged            |    64 |   125 |    96 ||   285
